SNL (28 & UNDER)
SALEM SILVER SOULS @ WICHITA WRANGLERS
06/19/2024
 
TOP OF THE 1ST
Salem Silver Souls batting - Pitching for Wichita Wranglers : RHP Tom Long
Pitching: RHP Tom Long
Batting: RHB Félix García 0-0: Ball
1-0: Ball
2-0: Ball
3-0: Called Strike
3-1: Base on Balls
Batting: LHB Bill Smith 0-0: Ball
1-0: Ball
2-0: Grounds out, U3 (Groundball, 3L)
Batting: RHB Juan Vareas 0-0: Ground out 5-3 (Groundball, 5)
Batting: LHB Raúl Cordero 0-0: Called Strike
0-1: Ground out 4-3 (Groundball, 4M)
Top of the 1st over - 0 run(s), 0 hit(s), 0 error(s), 1 left on base; Salem 0 - Wichita 0
BOTTOM OF THE 1ST
Wichita Wranglers batting - Pitching for Salem Silver Souls : LHP Pat Candelária
Pitching: LHP Pat Candelária
Batting: SHB Martín Medina 0-0: Swinging Strike
0-1: Ball
1-1: Called Strike
1-2: Strikes out swinging
Batting: LHB Eric Peterson 0-0: Called Strike
0-1: Ball
1-1: Fly out, F6 (Popup, 6D)
Batting: RHB Norberto Taváres 0-0: Called Strike
0-1: Foul Ball, location: 2F
0-2: SINGLE (Flyball, 8LS)
Batting: RHB Tom Howe 0-0: Ball
1-0: Ball
2-0: Called Strike
2-1: Foul Ball, location: 2F
2-2: Foul Ball, location: 2F
2-2: Strikes out swinging
Bottom of the 1st over - 0 run(s), 1 hit(s), 0 error(s), 1 left on base; Salem 0 - Wichita 0
TOP OF THE 2ND
Salem Silver Souls batting - Pitching for Wichita Wranglers : RHP Tom Long
Batting: LHB Millard Dye 0-0: Called Strike
0-1: Ball
1-1: Called Strike
1-2: Fly out, F9 (Flyball, 9D)
Batting: RHB Jesús Gutiérrez 0-0: Called Strike
0-1: Swinging Strike
0-2: Ball
1-2: Ball
2-2: Fly out, F9 (Line Drive, 9M)
Batting: RHB Gustavo Pagán 0-0: Called Strike
0-1: Ball
1-1: Foul Ball, location: 2F
1-2: Strikes out swinging
Top of the 2nd over - 0 run(s), 0 hit(s), 0 error(s), 0 left on base; Salem 0 - Wichita 0
BOTTOM OF THE 2ND
Wichita Wranglers batting - Pitching for Salem Silver Souls : LHP Pat Candelária
Batting: RHB Bob Hall 0-0: Ground out 6-3 (Groundball, 6M)
Batting: RHB Hamilton Holbrook 0-0: Ball
1-0: Swinging Strike
1-1: Ball
2-1: Swinging Strike
2-2: Foul Ball, location: 2F
2-2: Foul Ball, location: 2F
2-2: Strikes out looking
Batting: RHB Javier Coronado 0-0: Ground out 5-3 (Groundball, 5)
Bottom of the 2nd over - 0 run(s), 0 hit(s), 0 error(s), 0 left on base; Salem 0 - Wichita 0
TOP OF THE 3RD
Salem Silver Souls batting - Pitching for Wichita Wranglers : RHP Tom Long
Batting: RHB Alejandro Martínez 0-0: Fly out, F9 (Flyball, 9M)
Batting: SHB Francis Shaffer 0-0: Ball
1-0: Swinging Strike
1-1: Fly out, F8 (Flyball, 8RM)
Batting: RHB Félix García 0-0: SINGLE (Groundball, 56D)
Batting: LHB Bill Smith 0-0: Ball
1-0: SINGLE (Groundball, 34D)
Félix García to second
Throwing error, E9
Félix García scores
Bill Smith to second
Batting: RHB Juan Vareas 0-0: Foul Ball, location: 2F
0-1: Ball
1-1: Ball
2-1: Foul Ball, location: 2F
2-2: Fly out, F7 (Flyball, 78M)
Top of the 3rd over - 1 run(s), 2 hit(s), 1 error(s), 1 left on base; Salem 1 - Wichita 0
BOTTOM OF THE 3RD
Wichita Wranglers batting - Pitching for Salem Silver Souls : LHP Pat Candelária
Batting: RHB Dave Henderson 0-0: Foul Ball, location: 2F
0-1: Swinging Strike
0-2: Strikes out looking
Batting: SHB Shane Hutchinson 0-0: Swinging Strike
0-1: Ball
1-1: Ball
2-1: Called Strike
2-2: Ball
3-2: SINGLE (Groundball, 5D)
Batting: SHB Martín Medina 0-0: Swinging Strike
0-1: Called Strike
Shane Hutchinson steals 2nd base
0-2: Strikes out looking
Batting: LHB Eric Peterson 0-0: Ground out 4-3 (Groundball, 34)
Bottom of the 3rd over - 0 run(s), 1 hit(s), 0 error(s), 1 left on base; Salem 1 - Wichita 0
TOP OF THE 4TH
Salem Silver Souls batting - Pitching for Wichita Wranglers : RHP Tom Long
Batting: LHB Raúl Cordero 0-0: SOLO HOME RUN (Flyball, 9D), Distance : 374 ft
Batting: LHB Millard Dye 0-0: Ball
1-0: Called Strike
1-1: Ball
2-1: Foul Ball, location: 2F
2-2: Foul Ball, location: 2F
2-2: Strikes out looking
Batting: RHB Jesús Gutiérrez 0-0: Ball
1-0: Foul Ball, location: 2F
1-1: Ball
2-1: Ball
3-1: Foul Ball, location: 2F
3-2: Strikes out looking
Batting: RHB Gustavo Pagán 0-0: Ball
1-0: Ball
2-0: Ground out 6-3 (Groundball, 6M)
Top of the 4th over - 1 run(s), 1 hit(s), 0 error(s), 0 left on base; Salem 2 - Wichita 0
BOTTOM OF THE 4TH
Wichita Wranglers batting - Pitching for Salem Silver Souls : LHP Pat Candelária
Batting: RHB Norberto Taváres 0-0: SINGLE (Line Drive, 7S)
Batting: RHB Tom Howe 0-0: Called Strike
0-1: 2-RUN HOME RUN (Flyball, 7D), Distance : 375 ft
Batting: RHB Bob Hall 0-0: Called Strike
0-1: Swinging Strike
0-2: Foul Ball, location: 2F
0-2: Ball
1-2: Ground out 6-3 (Groundball, 6)
Batting: RHB Hamilton Holbrook 0-0: Ball
1-0: Called Strike
1-1: Ground out 2-3 (Groundball, 25)
Batting: RHB Javier Coronado 0-0: Ball
1-0: SOLO HOME RUN (Flyball, 9D), Distance : 368 ft
Batting: RHB Dave Henderson 0-0: Ball
1-0: Called Strike
1-1: Ball
2-1: Ball
3-1: Base on Balls
Batting: SHB Shane Hutchinson 0-0: Ball
1-0: Ball
2-0: Called Strike
2-1: Ball
3-1: Swinging Strike
3-2: Foul Ball, location: 2F
3-2: Foul Ball, location: 2F
3-2: Ground out 6-3 (Groundball, 6)
Bottom of the 4th over - 3 run(s), 3 hit(s), 0 error(s), 1 left on base; Salem 2 - Wichita 3
TOP OF THE 5TH
Salem Silver Souls batting - Pitching for Wichita Wranglers : RHP Tom Long
Batting: RHB Alejandro Martínez 0-0: Ball
1-0: Foul Ball, location: 2F
1-1: Ball
2-1: Fly out, F8 (Flyball, 8RM)
Batting: SHB Francis Shaffer 0-0: Ball
1-0: Swinging Strike
1-1: Ball
2-1: Fly out, F8 (Flyball, 8RS)
Batting: RHB Félix García 0-0: Ball
1-0: Foul Ball, location: 2F
1-1: Ball
2-1: SINGLE (Line Drive, 9S)
Batting: LHB Bill Smith 0-0: Foul Ball, location: 2F
0-1: Ball
1-1: Ball
2-1: Foul Ball, location: 2F
2-2: Strikes out swinging
Top of the 5th over - 0 run(s), 1 hit(s), 0 error(s), 1 left on base; Salem 2 - Wichita 3
BOTTOM OF THE 5TH
Wichita Wranglers batting - Pitching for Salem Silver Souls : LHP Pat Candelária
Batting: SHB Martín Medina 0-0: Ball
1-0: Ball
2-0: Called Strike
2-1: Ground out 1-3 (Groundball, 15)
Batting: LHB Eric Peterson 0-0: Fly out, F9 (Line Drive, 9LD)
Batting: RHB Norberto Taváres 0-0: Swinging Strike
0-1: Ball
1-1: Ball
2-1: Ball
3-1: Base on Balls
Batting: RHB Tom Howe 0-0: Ball
Norberto Taváres steals 2nd base
1-0: Swinging Strike
1-1: Swinging Strike
1-2: Ball
2-2: Ball
3-2: Base on Balls
Batting: RHB Bob Hall 0-0: SINGLE (Groundball, 56D)
Norberto Taváres to third
Tom Howe to second
Runner from 3rd tries for Home, throw and OUT!
Bottom of the 5th over - 0 run(s), 1 hit(s), 0 error(s), 2 left on base; Salem 2 - Wichita 3
TOP OF THE 6TH
Salem Silver Souls batting - Pitching for Wichita Wranglers : RHP Tom Long
Batting: RHB Juan Vareas 0-0: Ball
1-0: Called Strike
1-1: Called Strike
1-2: Ball
2-2: Ball
3-2: Base on Balls
Batting: LHB Raúl Cordero 0-0: Called Strike
0-1: Ball
1-1: Ball
2-1: Called Strike
2-2: Ball
3-2: Foul Ball, location: 2F
3-2: DOUBLE (Line Drive, 9LS)
Juan Vareas to third
Batting: LHB Millard Dye 0-0: Ball
1-0: Called Strike
1-1: Foul Ball, location: 2F
1-2: Ball
2-2: Ball
3-2: Fly out, F1 (Popup, 13S)
Batting: RHB Jesús Gutiérrez 0-0: Ball
1-0: Foul Ball, location: 2F
1-1: Ball
2-1: Called Strike
2-2: Ball
3-2: SINGLE (Line Drive, 6D)
Juan Vareas scores
Raúl Cordero to third
Batting: RHB Gustavo Pagán 0-0: Ball
1-0: Ball
2-0: Swinging Strike
2-1: Foul Ball, location: 2F
2-2: Ball
3-2: Strikes out swinging
Pitching: RHP Larry Jones
Batting: RHB Alejandro Martínez 0-0: Foul Ball, location: 2F
0-1: Foul Ball, location: 2F
0-2: Foul Ball, location: 2F
0-2: Ball
1-2: Hit by Pitch
Jesús Gutiérrez to second
Batting: SHB Francis Shaffer 0-0: Ball
1-0: Ball
2-0: Called Strike
2-1: Swinging Strike
2-2: Foul Ball, location: 2F
2-2: Ball
3-2: Base on Balls
Raúl Cordero scores
Jesús Gutiérrez to third
Alejandro Martínez to second
Batting: RHB Félix García 0-0: Called Strike
0-1: Foul Ball, location: 2F
0-2: Ball
1-2: Ball
2-2: Ball
3-2: Foul Ball, location: 2F
3-2: Base on Balls
Jesús Gutiérrez scores
Alejandro Martínez to third
Francis Shaffer to second
Batting: LHB Bill Smith 0-0: Ball
1-0: Swinging Strike
1-1: Ball
2-1: Ball
3-1: Foul Ball, location: 2F
3-2: SINGLE (Line Drive, 9S)
Alejandro Martínez scores
Francis Shaffer to third
Félix García to second
Francis Shaffer scores
Félix García to third
Batting: RHB Juan Vareas 0-0: Ball
1-0: Swinging Strike
1-1: Swinging Strike
1-2: Foul Ball, location: 2F
1-2: Ball
2-2: Foul Ball, location: 2F
2-2: Foul Ball, location: 2F
2-2: Foul Ball, location: 2F
2-2: SINGLE (Groundball, 4MD)
Félix García scores
Bill Smith to second
Runner from 2nd tries for 3rd, SAFE, throw made to third
Batting: LHB Raúl Cordero 0-0: Called Strike
0-1: Ball
1-1: Ball
2-1: Ball
3-1: Foul Ball, location: 2F
3-2: Strikes out looking
Top of the 6th over - 6 run(s), 4 hit(s), 0 error(s), 2 left on base; Salem 8 - Wichita 3
BOTTOM OF THE 6TH
Wichita Wranglers batting - Pitching for Salem Silver Souls : LHP Pat Candelária
Batting: RHB Hamilton Holbrook 0-0: Ball
1-0: Ball
2-0: Ground out 1-3 (Groundball, 15S)
Batting: RHB Javier Coronado 0-0: Fly out, F4 (Line Drive, 4M)
Batting: RHB Dave Henderson 0-0: Called Strike
0-1: Foul Ball, location: 2F
0-2: Ball
1-2: Ball
2-2: Ball
3-2: Base on Balls
Batting: SHB Shane Hutchinson 0-0: Ball
1-0: Called Strike
1-1: Called Strike
1-2: Ball
Wild Pitch!
Dave Henderson to second
2-2: Strikes out looking
Bottom of the 6th over - 0 run(s), 0 hit(s), 0 error(s), 1 left on base; Salem 8 - Wichita 3
TOP OF THE 7TH
Salem Silver Souls batting - Pitching for Wichita Wranglers : RHP Larry Jones
Batting: LHB Millard Dye 0-0: Ball
1-0: SINGLE (Line Drive, 34D)
Batting: RHB Jesús Gutiérrez 0-0: Called Strike
0-1: Ball
1-1: Ball
2-1: Ball
3-1: Ball
Millard Dye to second
Batting: RHB Gustavo Pagán 0-0: Bunt missed!
0-1: Bunted foul
0-2: Strikes out swinging
Batting: RHB Alejandro Martínez 0-0: Called Strike
0-1: Ball
1-1: Fly out, F8 (Flyball, 8RS)
Pitching: RHP Pat Ellis
Batting: SHB Francis Shaffer 0-0: Called Strike
0-1: Fly out, F2 (Popup, 2RF)
Top of the 7th over - 0 run(s), 1 hit(s), 0 error(s), 2 left on base; Salem 8 - Wichita 3
BOTTOM OF THE 7TH
Wichita Wranglers batting - Pitching for Salem Silver Souls : LHP Pat Candelária
Pitching: RHP Javier Valenzuela
Batting: SHB Martín Medina 0-0: Called Strike
0-1: Bunted foul
0-2: Foul Ball, location: 2F
0-2: Ball
1-2: Foul Ball, location: 2F
1-2: Ball
2-2: Strikes out swinging
Batting: LHB Eric Peterson 0-0: Ball
1-0: Foul Ball, location: 2F
1-1: Foul Ball, location: 2F
1-2: Foul Ball, location: 2F
1-2: Hit by Pitch
Pinch Runner at 1st Don Thomas:
Batting: RHB Norberto Taváres 0-0: Called Strike
0-1: Ball
1-1: Ball
2-1: Foul Ball, location: 2F
2-2: Ball
3-2: Foul Ball, location: 2F
3-2: Foul Ball, location: 2F
3-2: Grounds into double play, 6-4-3 (Groundball, 6)
Bottom of the 7th over - 0 run(s), 0 hit(s), 0 error(s), 0 left on base; Salem 8 - Wichita 3
TOP OF THE 8TH
Salem Silver Souls batting - Pitching for Wichita Wranglers : RHP Pat Ellis
Now at C: Don Thomas
Batting: RHB Félix García 0-0: Ball
1-0: Ball
2-0: Ball
3-0: Base on Balls
Batting: LHB Bill Smith 0-0: Sac Bunt - play at first, batter OUT! 1-4
Félix García to second
Batting: RHB Juan Vareas 0-0: Called Strike
0-1: Swinging Strike
0-2: Ball
1-2: Foul Ball, location: 2F
1-2: Ball
2-2: SINGLE (Groundball, 6MD)
Félix García to third
Runner from 3rd tries for Home, throw and OUT!
Juan Vareas to second
Batting: LHB Raúl Cordero 0-0: Called Strike
0-1: Foul Ball, location: 2F
0-2: Ball
1-2: Ground out 4-3 (Groundball, 4)
Top of the 8th over - 0 run(s), 1 hit(s), 0 error(s), 1 left on base; Salem 8 - Wichita 3
BOTTOM OF THE 8TH
Wichita Wranglers batting - Pitching for Salem Silver Souls : RHP Javier Valenzuela
Batting: RHB Tom Howe 0-0: Called Strike
0-1: Called Strike
0-2: Ball
1-2: Foul Ball, location: 2F
1-2: Ball
2-2: Foul Ball, location: 2F
2-2: Ball
3-2: Base on Balls
Batting: RHB Bob Hall 0-0: Ball
1-0: Fly out, F9 (Flyball, 9M)
Batting: RHB Hamilton Holbrook 0-0: Ball
1-0: Ball
2-0: Called Strike
2-1: Swinging Strike
2-2: Strikes out swinging
Batting: RHB Javier Coronado 0-0: Called Strike
0-1: Ball
1-1: Ball
2-1: Ball
3-1: Ground out 5-3 (Groundball, 56)
Bottom of the 8th over - 0 run(s), 0 hit(s), 0 error(s), 1 left on base; Salem 8 - Wichita 3
TOP OF THE 9TH
Salem Silver Souls batting - Pitching for Wichita Wranglers : RHP Pat Ellis
Batting: LHB Millard Dye 0-0: Called Strike
0-1: Ball
1-1: Foul Ball, location: 2F
1-2: Strikes out swinging
Batting: RHB Jesús Gutiérrez 0-0: Fly out, F7 (Flyball, 78M)
Batting: RHB Gustavo Pagán 0-0: Called Strike
0-1: Ball
1-1: Ball
2-1: Swinging Strike
2-2: Strikes out swinging
Top of the 9th over - 0 run(s), 0 hit(s), 0 error(s), 0 left on base; Salem 8 - Wichita 3
BOTTOM OF THE 9TH
Wichita Wranglers batting - Pitching for Salem Silver Souls : RHP Javier Valenzuela
Batting: RHB Dave Henderson 0-0: Fly out, F7 (Flyball, 7LM)
Batting: SHB Shane Hutchinson 0-0: Ball
1-0: Ground out U3 (Groundball, 3)
Pitching: RHP Dave Woods
Batting: SHB Martín Medina 0-0: Foul Ball, location: 2F
0-1: Foul Ball, location: 2F
0-2: Strikes out swinging
Bottom of the 9th over - 0 run(s), 0 hit(s), 0 error(s), 0 left on base; Salem 8 - Wichita 3
This league is powered by Out of the Park Baseball, the baseball management simulation game for PC, Mac and Linux
Saturday, April 9th, 2016 - OOTP Baseball 16.8 Build 38